 Dungeon Crawl Stone Soup version 0.24-a0-114-g5d539f0 (console) character file.

Game seed: 17186374412234318207

80 Duffy the Caller (level 4, 36/36 HPs)
             Began as a Naga Summoner on Feb 15, 2019.
             Quit the game on level 2 of the Dungeon.
             The game lasted 00:02:11 (2974 turns).

Duffy the Caller (Naga Summoner)                    Turns: 2974, Time: 00:02:12

Health: 36/36      AC:  2    Str: 10    XL:     4   Next: 39%
Magic:  8/8        EV: 10    Int: 16    God:
Gold:   93         SH:  0    Dex: 12    Spells: 3/9 levels left

rFire    . . .     SeeInvis +   l - -1 spear (curse)
rCold    . . .     Gourm    .   (no shield)
rNeg     . . .     Faith    .   a - +0 robe
rPois    +         Spirit   .   (no helmet)
rElec    .         Reflect  .   (no cloak)
rCorr    .         Harm     .   (no gloves)
MR       .....                  (no barding)
Stlth    ++........             (no amulet)
HPRegen  0.12/turn              (no ring)
MPRegen  0.11/turn              (no ring)

@: very slow
A: large, see invisible, deformed body, poison resistance, slowness 2, slow
metabolism 1, spit poison 1, AC +1
a: Spit Poison


You were on level 2 of the Dungeon.
You were not hungry.

You visited 1 branch of the dungeon, and saw 2 of its levels.

You collected 93 gold pieces.

Inventory:

Hand Weapons
 d - a +0 whip
 l - a cursed -1 spear (weapon)
Armour
 a - a +0 robe (worn)
Scrolls
 e - a scroll of remove curse {unknown}
 g - 2 scrolls of immolation {unknown}
 h - a scroll of magic mapping {unknown}
 i - a scroll of identify {unknown}
Potions
 b - a potion of magic {unknown}
 f - a potion of berserk rage {unknown}
 j - 2 potions of degeneration {unknown}
 k - a potion of lignification {unknown}
Comestibles
 c - 4 rations


   Skills:
 - Level 1.5 Dodging
 - Level 3.0 Stealth
 + Level 3.2 Spellcasting
 + Level 4.9 Summonings


You had 3 spell levels left.
You knew the following spells:

 Your Spells              Type           Power        Failure   Level  Hunger
h - Call Canine Familiar  Summ           ###.....     7%          3    ###....
j - Summon Small Mammal   Summ           ###.         2%          1    None
k - Call Imp              Summ           ###.....     3%          2    ##.....

Your spell library contained the following spells:

 Spells                   Type           Power        Failure   Level  Hunger
 Summon Guardian Golem    Hex/Summ       ##......     21%         3    ###....
 Summon Ice Beast         Ice/Summ       ##......     54%         4    ####...
 Summon Lightning Spire   Summ/Air       ##......     54%         4    ####...


Dungeon Overview and Level Annotations

Branches:
Dungeon (2/15)

Altars:
Yredelemnul


Innate Abilities, Weirdness & Mutations

You cannot wear boots.
Your serpentine skin is tough. (AC +1)
You have supernaturally acute eyesight. (SInv)
Armour fits poorly on your strangely shaped body.
Your system is resistant to poisons. (rPois)
You cover ground very slowly.
You have a slow metabolism.
You can spit poison.


Message History

The kobold closely misses you.
You barely miss the kobold. The kobold hits you.
You barely miss the kobold. The kobold hits you.
You hit the kobold but do no damage. The kobold barely misses you.
You hit the kobold.
You kill the kobold!
k - a viscous blue potion You now have 93 gold pieces (gained 8).
(D) Dungeon
Where to? (Enter - D:2 @ (x,y), ? - help)
You see here a spear.
l - a spear Wield which item (- for none, * to show all)? (? for menu, Esc to quit)
It sticks to your hand!
l - a cursed -1 spear (weapon)
Drop what? 12/52 slots (_ for help) (? for menu, Esc to quit)
Okay, then.
Done exploring.
Done exploring.
Are you sure you want to abandon this character and quit the game? (Confirm with "yes".)

###### ##.#.##
#....########.###.##### #####
##.##.##................
....########...#.##.#####.###.#####
###..<....(......##.# ##.#...#
##########.^.#.##.#######....###
##.##.................##
#.#....................
#.#..@.......#........#
#######.#...........##...##..
#.......#................####
#.######............##.### #.####
#..#........###.## #....#
#...........# #..# ####.#
#.###...###.# ##.# #.# #.# ##)##
#.# #.# #.# #.# #.####.# #.#


There were no monsters in sight!

Vanquished Creatures
  2 adders (D:2)
  A gnoll (D:1)
  An ooze (D:1)
  3 dart slugs (D:1)
  A leopard gecko (D:1)
  7 bats
  2 giant cockroaches
  3 hobgoblins
  2 jackals (D:1)
  A quokka (D:2)
  5 frilled lizards
  A goblin (D:1)
  9 kobolds
  9 rats
47 creatures vanquished.

Notes
Turn   | Place    | Note
-------+----------+-------------------------------------------
     0 | D:1      | Duffy the Naga Summoner began the quest for the Orb.
     0 | D:1      | Reached XP level 1. HP: 15/15 MP: 3/3
    40 | D:1      | Reached XP level 2. HP: 22/22 MP: 5/5
   104 | D:1      | Learned a level 2 spell: Call Imp
   577 | D:1      | Reached XP level 3. HP: 13/28 MP: 6/6
   586 | D:1      | Learned a level 3 spell: Call Canine Familiar
  2077 | D:2      | Reached XP level 4. HP: 36/36 MP: 8/8
  2778 | D:2      | Found a basalt altar of Yredelemnul.
  2974 | D:2      | Quit the game

Levels and vault maps discovered:
D:1:      dpeg_arrival_more_subterranean_lakeside_camping, layout_basic
D:2:      layout_loops_ring, yredelemnul_altar_generic

Skill      XL: |  1  2  3 |
---------------+----------+-----
Spellcasting   | 3 |  3.2
Dodging        | |  1.5
Stealth        | |  3.0
Summonings     | |  4.9

Action                   |  1- 3 |  4- 6 || total
-------------------------+-------+-------++-------
Melee: Whip              |   103 |    64 ||   167
 Abil: Spit Poison       |    20 |     6 ||    26
  Use: Potion            |     1 |       ||     1
 Stab: Sleeping          |     1 |       ||     1
       Distracted        |       |     1 ||     1
  Eat: Chunk             |     3 |     3 ||     6
Armor: Robe              |    22 |    34 ||    56
Dodge: Dodged            |    65 |    50 ||   115

Table legend:
 A = Non-vault XP
 B = Vault XP
 C = Vault XP percentage of total XP
 D = Non-vault monster count
 E = Vault monster count
 F = Vault count percentage of total count
                 A         B        C        D         E       F
            +---------+---------+-------+---------+---------+-------
      Total |     115 |       0 |   0.0 |      47 |       0 |   0.0
            +---------+---------+-------+---------+---------+-------
        D:1 |      63 |       0 |   0.0 |      26 |       0 |   0.0
        D:2 |      52 |       0 |   0.0 |      21 |       0 |   0.0
            +---------+---------+-------+---------+---------+-------
